 Dungeon Crawl Stone Soup version 0.23.2-33-g5129a83184 (webtiles) character file.

Game seed: 15028722945407236785

25891 Trad the Cleaver (level 12, 0/110 HPs)
             Began as a Minotaur Fighter on July 9, 2019.
             Was an Elder of the Shining One.
             Shot with an arrow by a deep elf archer (12 damage)
             ... on level 1 of the Elven Halls.
             The game lasted 01:12:32 (14791 turns).

Trad the Cleaver (Minotaur Fighter)                Turns: 14791, Time: 01:12:34

Health: 0/110      AC: 22    Str: 30    XL:     12   Next: 93%
Magic:  11/11      EV:  9    Int:  3    God:    the Shining One [****..]
Gold:   1047       SH: 13    Dex:  9    Spells: 11/11 levels left

rFire    + + +     SeeInvis .   d - +0 double sword (flame)
rCold    . . .     Gourm    .   e - +0 shield {reflect}
rNeg     + + .     Faith    .   Q - +1 plate armour {rF+}
rPois    .         Spirit   .   (helmet restricted)
rElec    .         Reflect  +   l - +1 cloak
rCorr    .         Harm     .   M - +2 pair of gloves {Str+3}
MR       .....                  (no boots)
Stlth    ..........             (no amulet)
HPRegen  0.28/turn              i - ring of protection from fire
MPRegen  0.12/turn              E - ring of protection from fire

@: slowed, glowing, very slow
A: retaliatory headbutt, horns 2, dopey 1
a: Divine Shield, Cleansing Flame, Renounce Religion


You were on level 1 of the Elven Halls.
You worshipped the Shining One.
The Shining One was greatly pleased with you.
You were hungry.

You visited 4 branches of the dungeon, and saw 13 of its levels.

You collected 1472 gold pieces.
You spent 425 gold pieces at shops.

Inventory:

Hand Weapons
 a - a +0 war axe
 d - a +0 double sword of flaming (weapon)
 m - a +1 battleaxe of venom
Armour
 e - a +0 shield of reflection (worn)
 l - a +1 cloak (worn)
 o - a +2 scale mail of magic resistance
 M - a +2 pair of gloves of strength (worn)
 Q - a +1 plate armour of fire resistance (worn)
Jewellery
 i - a ring of protection from fire (left hand)
 n - a +3 ring of intelligence
 E - a ring of protection from fire (right hand)
 F - a +3 ring of dexterity {unknown}
Wands
 K - a wand of acid (13)
 L - a wand of paralysis (4)
 N - a wand of scattershot (8)
Scrolls
 b - 2 scrolls of fog {unknown}
 h - 2 scrolls of magic mapping {unknown}
 j - 9 scrolls of remove curse
 k - 2 scrolls of noise {unknown}
 p - a scroll of teleportation
 q - 2 scrolls of immolation
 s - a scroll of amnesia {unknown}
 u - 2 scrolls of enchant weapon {unknown}
 x - a scroll of silence {unknown}
 y - a scroll of identify
 z - 2 scrolls of fear {unknown}
 A - a scroll of enchant armour {unknown}
 C - a scroll of acquirement {unknown}
 J - 2 scrolls of torment {unknown}
Potions
 c - a potion of brilliance {unknown}
 g - a potion of invisibility
 r - 2 potions of ambrosia
 t - 5 potions of curing
 v - 2 potions of berserk rage {unknown}
 w - a potion of flight {unknown}
 B - 2 potions of agility {unknown}
 H - a potion of resistance
Comestibles
 f - 12 rations


   Skills:
 + Level 11.2 Fighting
 + Level 9.8 Long Blades
 + Level 14.7 Axes
 + Level 11.0 Armour
 + Level 4.1 Dodging
 + Level 2.1 Stealth
 + Level 11.1 Shields
 + Level 1.3 Invocations
 + Level 0.9 Evocations


You had 11 spell levels left.
You didn't know any spells.
Your spell library contained the following spells:

 Spells                   Type           Power        Failure   Level  Hunger
 Confusing Touch          Hex            #.....       100%        1    ##.....
 Flame Tongue             Conj/Fire      #....        100%        1    ##.....
 Freeze                   Ice            #...         100%        1    ##.....
 Throw Flame              Conj/Fire      #.....       100%        2    ###....
 Throw Frost              Conj/Ice       #.....       100%        2    ###....
 Confuse                  Hex            #.......     100%        3    ####...
 Conjure Flame            Conj/Fire      #.......     100%        3    ####...
 Gell's Gravitas          Tloc           #.........   100%        3    ####...
 Inner Flame              Hex/Fire       #.......     100%        3    ####...
 Ozocubu's Armour         Chrm/Ice       #.......     100%        3    ####...
 Petrify                  Tmut/Erth      #.......     100%        4    #####..
 Sticky Flame             Conj/Fire      #.......     100%        4    #####..
 Summon Ice Beast         Ice/Summ       #.......     100%        4    #####..
 Throw Icicle             Conj/Ice       #.......     100%        4    #####..
 Fireball                 Conj/Fire      #.........   100%        5    ######.
 Metabolic Englaciation   Hex/Ice        #.........   100%        5    ######.
 Yara's Violent Unravell  Hex/Tmut       #.........   100%        5    ######.


Dungeon Overview and Level Annotations

Branches:
Dungeon (9/15)             Temple (1/1) D:5            Lair (0/6) D:8
    Orc (2/2) D:9             Elf (1/3) Orc:2

Altars:
Ashenzari
Cheibriados
Dithmenos
Elyvilon
Fedhas
Gozag
Hepliaklqana
Kikubaaqudgha
Makhleb
Nemelex Xobeh
Okawaru
Qazlal
Ru
Sif Muna
Trog
Uskayaw
Vehumet
Wu Jian
Xom
Yredelemnul
Zin
The Shining One
Beogh

Shops:
D:7 [   Orc:2 [([


Innate Abilities, Weirdness & Mutations

You reflexively headbutt those who attack you in melee.
You have a pair of horns on your head.
You are dopey. (Int -2)


Message History

The deep elf archer blinks!
The deep elf mage hits you but does no damage.
You bump into the stone wall.
You feel less confused.
The deep elf mage points at you and mumbles some strange words.
The shard of ice hits you!!
* * * LOW HITPOINT WARNING * * *
The deep elf archer drinks a potion.
The deep elf archer suddenly seems more resistant.
The deep elf mage points at you and mumbles some strange words.
Your +0 shield of reflection reflects the shard of ice!
The shard of ice hits the deep elf mage!!!
You kill the deep elf mage!
The ice beast disappears in a puff of smoke! x2
Your life force feels restored.
Your Armour skill increases to level 11!
The deep elf archer unwields a +0 short sword.
The deep elf archer wields a +0 shortbow.
The deep elf archer shoots an arrow.
The arrow hits you!
You die...

######.##.......##
# #.###.....## #
#.# ##(..## # #.#
##e## # #.# #'# #
#.# #.# # .#####.##
.......e(########.#
.#######§§)@......#
#e########.# #(#
#e# #(# #(#
........)○eee..
######..###..%.
#### ..


You could see 2 deep elf archers.

Vanquished Creatures
  Donald (Orc:2)
  An orc warlord (Orc:1)
  Nessos (Orc:2)
  Azrael (Elf:1)
  A deep elf death mage (Elf:1)
  An orc high priest (Orc:2)
  A deep elf knight (Elf:1)
  3 orc knights
  3 deep elf archers (Elf:1)
  4 orc sorcerers (Orc:2)
  12 deep elf magi (Elf:1)
  Maurice (D:9)
  A komodo dragon (D:8)
  2 trolls
  An air elemental (Elf:1)
  Eustachio (D:5)
  2 water elementals (Elf:1)
  Grum (D:9)
  3 fire elementals (Elf:1)
  3 wargs
  Edmund (D:4)
  2 hell hounds (Elf:1)
  2 black bears (D:8)
  9 ice beasts
  A hornet zombie (D:8)
  17 orc warriors
  A phantom (D:4)
  12 ogres
  2 wolves (D:9)
  4 centaurs
  A big kobold (D:8)
  8 bullfrogs
  3 scorpions
  4 killer bees (D:7)
  3 wights (D:7)
  An oklob sapling (D:5)
  A howler monkey (D:4)
  6 crimson imps
  A bullfrog zombie (D:7)
  A quasit (D:6)
  2 jellies
  18 orc priests
  5 hounds
  2 centaur skeletons
  25 orc wizards
  3 iguanas
  10 worker ants
  A hound zombie (D:7)
  2 hound skeletons (D:7)
  A worker ant zombie (D:8)
  A river rat (D:3)
  9 adders
  An ooze (D:3)
  An adder skeleton (D:4)
  An adder zombie (D:9)
  3 dart slugs
  4 leopard geckos
  84 orcs
  6 giant cockroaches (D:3)
  18 hobgoblins
  15 jackals
  9 kobolds
  5 quokkas
  2 ball pythons
  9 bats
  4 frilled lizards
  9 goblins
  2 leopard gecko skeletons
  A quokka skeleton (D:4)
  8 rats
  5 plants (D:5)
390 creatures vanquished.

Vanquished Creatures (others)
  A deep elf mage (Elf:1)
  An orc warrior (Orc:2)
  6 plants (D:8)
8 creatures vanquished.

Grand Total: 398 creatures vanquished

Notes
Turn   | Place    | Note
-------+----------+-------------------------------------------
     0 | D:1      | Trad the Minotaur Fighter began the quest for the Orb.
     0 | D:1      | Reached XP level 1. HP: 19/19 MP: 0/0
   174 | D:1      | Reached XP level 2. HP: 19/27 MP: 1/1
   534 | D:1      | Reached skill level 3 in Axes
  1036 | D:2      | Reached XP level 3. HP: 27/33 MP: 2/2
  1306 | D:2      | Reached XP level 4. HP: 26/40 MP: 3/3
  1472 | D:2      | Found a glowing golden altar of the Shining One.
  1522 | D:2      | Became a worshipper of the Shining One
  1993 | D:3      | Reached skill level 4 in Axes
  2002 | D:3      | Reached XP level 5. HP: 32/46 MP: 4/4
  2166 | D:3      | Reached skill level 5 in Shields
  2391 | D:3      | Found a glowing drain.
  2540 | D:3      | Reached skill level 5 in Axes
  2540 | D:3      | Reached XP level 6. HP: 47/53 MP: 5/5
  2571 | D:3      | Reached skill level 1 in Dodging
  2654 | D:4      | Reached * piety under the Shining One
  2777 | D:4      | Reached skill level 6 in Axes
  2777 | D:4      | Reached skill level 5 in Armour
  2797 | D:4      | Reached skill level 5 in Fighting
  2797 | D:4      | Reached XP level 7. HP: 51/61 MP: 6/6
  2812 | D:4      | Noticed Edmund
  2822 | D:4      | Killed Edmund
  3168 | D:4      | Reached skill level 7 in Axes
  3594 | D:5      | Entered Level 5 of the Dungeon
  3639 | D:5      | Noticed Eustachio
  3656 | D:5      | Killed Eustachio
  3656 | D:5      | Reached skill level 8 in Axes
  3656 | D:5      | Reached XP level 8. HP: 60/70 MP: 7/7
  3696 | D:5      | Found a sparkling altar of Nemelex Xobeh.
  3929 | D:5      | Found an opulent altar of Gozag.
  3978 | D:5      | Found a staircase to the Ecumenical Temple.
  4455 | Temple   | Entered the Ecumenical Temple
  4636 | D:5      | Found a radiant altar of Vehumet.
  4637 | D:5      | Found a burning altar of Makhleb.
  4690 | D:5      | Reached skill level 9 in Axes
  4739 | D:5      | Found an iron altar of Okawaru.
  4886 | D:5      | Found a stormy altar of Qazlal.
  5402 | D:6      | Found a shimmering altar of Xom.
  5849 | D:6      | Reached skill level 10 in Axes
  5849 | D:6      | Reached XP level 9. HP: 68/78 MP: 8/8
  6061 | D:7      | Reached ** piety under the Shining One
  6205 | D:7      | Found a sand-covered staircase.
  6556 | D:7      | Found Bouczougri's Armour Emporium.
  6574 | D:7      | Reached skill level 11 in Axes
  6580 | D:7      | Bought a +2 pair of gloves of strength for 215 gold pieces
  6724 | D:7      | Found a flagged portal.
  6985 | D:8      | Found a staircase to the Lair.
  6986 | D:8      | Noticed a komodo dragon
  7209 | D:8      | Found a bloodstained altar of Trog.
  7209 | D:8      | Reached *** piety under the Shining One
  7517 | D:8      | Found a shattered altar of Ashenzari.
  7517 | D:8      | Found a blossoming altar of Fedhas.
  7579 | D:8      | Killed a komodo dragon
  7579 | D:8      | Reached XP level 10. HP: 74/88 MP: 9/9
  8133 | D:9      | Found a sacrificial altar of Ru.
  8155 | D:9      | Reached skill level 12 in Axes
  8243 | D:9      | Found an ornate altar of the Wu Jian Council.
  8285 | D:9      | Found a staircase to the Orcish Mines.
  8296 | Orc:1    | Entered Level 1 of the Orcish Mines
  8320 | D:9      | Noticed Grum
  8327 | D:9      | Noticed Maurice
  8330 | D:9      | Killed Grum
  8343 | D:9      | Killed Maurice
  8343 | D:9      | Reached skill level 1 in Stealth
  8576 | D:9      | Found a deep blue altar of Sif Muna.
  9681 | Orc:1    | Reached skill level 13 in Axes
  9793 | Orc:1    | Noticed an orc knight
  9817 | Orc:1    | Killed an orc knight
 10086 | Orc:2    | Entered Level 2 of the Orcish Mines
 10127 | Orc:2    | Noticed an orc sorcerer
 10134 | Orc:2    | Noticed a smoke demon
 10134 | Orc:2    | Killed an orc sorcerer
 10134 | Orc:2    | Reached XP level 11. HP: 97/97 MP: 10/10
 10175 | Orc:2    | Noticed an orc knight
 10213 | Orc:2    | Killed an orc knight
 10225 | Orc:2    | Noticed an orc high priest
 10244 | Orc:2    | Killed an orc high priest
 10384 | Orc:2    | Noticed Nessos
 10396 | Orc:2    | Noticed Donald
 10758 | Orc:2    | Found a staircase to the Elven Halls.
 10758 | Orc:2    | Noticed an orc knight
 10780 | Orc:2    | Killed an orc knight
 10782 | Orc:2    | Reached skill level 14 in Axes
 10808 | Orc:2    | Noticed an orc sorcerer
 10809 | Orc:2    | Noticed a sixfirhy
 11147 | Orc:2    | Killed Nessos
 11413 | Orc:2    | Found a roughly hewn altar of Beogh.
 11416 | Orc:2    | Found Kiuba's Assorted Antiques.
 11468 | Orc:2    | Found a roughly hewn altar of Beogh.
 11532 | Orc:2    | Reached **** piety under the Shining One
 11552 | Orc:2    | Found a roughly hewn altar of Beogh.
 11582 | Orc:2    | Noticed an orc sorcerer
 11591 | Orc:2    | Killed an orc sorcerer
 11683 | Orc:2    | Killed Donald
 11683 | Orc:2    | Reached skill level 10 in Fighting
 11944 | Orc:2    | Found a roughly hewn altar of Beogh.
 11977 | Orc:2    | Found a roughly hewn altar of Beogh.
 11993 | Orc:2    | Gained mutation: You are dopey. (Int -2) [a neqoxec]
 11994 | Orc:2    | Reached skill level 1 in Long Blades
 11996 | Orc:2    | Killed an orc sorcerer
 12104 | Orc:2    | Reached skill level 10 in Shields
 12156 | Orc:2    | Noticed an orc warlord
 12157 | Orc:2    | Noticed an orc sorcerer
 12169 | Orc:2    | Noticed a sun demon
 12570 | Orc:1    | Killed an orc warlord
 12570 | Orc:1    | Reached skill level 10 in Armour
 12570 | Orc:1    | Reached XP level 12. HP: 77/107 MP: 8/11
 12791 | Orc:2    | Reached skill level 5 in Long Blades
 12948 | Orc:2    | Found a roughly hewn altar of Beogh.
 12949 | Orc:2    | Found Ymet's Antique Armour Emporium.
 13127 | Orc:2    | Found Wafyagit's Antique Armour Shop.
 13131 | Orc:2    | Found Woddut's Antique Weapon Boutique.
 13134 | Orc:2    | Found a roughly hewn altar of Beogh.
 13142 | Orc:2    | Bought a shiny scale mail for 210 gold pieces
 13206 | Elf:1    | Entered Level 1 of the Elven Halls
 13541 | Elf:1    | Noticed a deep elf death mage
 13553 | Elf:1    | Noticed Azrael
 13556 | Elf:1    | Killed a deep elf death mage
 13573 | Elf:1    | Killed Azrael
 14757 | Elf:1    | Reached skill level 1 in Invocations
 14791 | Elf:1    | Shot with an arrow by a deep elf archer

Skill      XL: |  1  2  3  4  5  6  7  8  9 10 11 12 |
---------------+-------------------------------------+-----
Shields        | 4 5 6 7 8 10 11 | 11.1
Axes           | 3 4 5 6 8 10 11 13 14 | 14.7
Armour         | 4 5 6 7 9 10 11 | 11.0
Fighting       | 4 5 6 8 9 10 11 | 11.2
Dodging        | 2 3 4 |  4.1
Stealth        | 1 2 |  2.1
Long Blades    | 4 9 |  9.8
Invocations    | 1 |  1.3
Evocations     | |  0.9

Action                   |  1- 3 |  4- 6 |  7- 9 | 10-12 || total
-------------------------+-------+-------+-------+-------++-------
Melee: War axe           |    86 |   135 |   311 |   306 ||   838
       Headbutt          |     5 |    22 |    67 |   100 ||   194
       Double sword      |       |       |       |   225 ||   225
Invok: Divine Shield     |       |       |       |     3 ||     3
Evoke: Wand              |       |       |       |     5 ||     5
  Use: Scroll            |       |     4 |     6 |    11 ||    21
       Potion            |       |       |     3 |     7 ||    10
  Eat: Chunk             |     1 |     5 |    12 |    13 ||    31
       Ration            |       |       |     1 |     3 ||     4
Armor: Scale mail        |    47 |    59 |    55 |       ||   161
       Chain mail        |       |       |    33 |    48 ||    81
       Plate armour      |       |       |       |   171 ||   171
Dodge: Dodged            |    33 |    54 |    85 |   120 ||   292
Block: Shield            |    54 |    70 |   131 |   291 ||   546
       Reflection        |       |       |       |    14 ||    14
       Rpst.: Double sword |       |       |       |    12 ||    12
